 Dungeon Crawl Stone Soup version 0.29-a0-559-g359e09b9d1 (webtiles) character file.

Game seed: 333213844651091886

321 zishaf the Bolt Thrower (level 6, -1/52 HPs)
             Began as a Demigod Wanderer on June 10, 2022.
             Slain by a jelly (3 damage)
             ... on level 3 of the Dungeon.
             The game lasted 00:08:34 (2863 turns).

zishaf the Bolt Thrower (Demigod Wanderer)          Turns: 2863, Time: 00:08:34

Health: -1/52      AC: -2    Str: 15    XL:     6   Next: 1%
Magic:  11/11      EV: 10    Int: 22    God:
Gold:   140        SH:  0    Dex: 11    Spells: 7/9 levels left

rFire   . . .      SeeInvis .   b - +0 dagger (venom)
rCold   . . .      Faith    .   (no shield)
rNeg    + . .      Spirit   .   o - +0 ring mail
rPois   .          Reflect  .   (no helmet)
rElec   .          Harm     .   (no cloak)
rCorr   .          Rampage  .   (no gloves)
Will    .....                   k - +0 pair of boots
Stlth   +.........              (no amulet)
HPRegen 0.17/turn               l - ring of positive energy
MPRegen 0.12/turn               (no ring)

@: corroded
A: high MP 1, forlorn, divine attributes
a: no special abilities


You were on level 3 of the Dungeon.
You visited 1 branch of the dungeon, and saw 4 of its levels.

You collected 140 gold pieces.

Inventory:

Hand Weapons
 a - a +0 vorpal hand crossbow
 b - a +0 dagger of venom (weapon)
Armour
 d - a +0 leather armour
 k - a +0 pair of boots (worn)
 o - a +0 ring mail (worn)
Jewellery
 f - a ring of ice
 l - a ring of positive energy (left hand)
Scrolls
 h - a scroll of torment
 j - a scroll of poison {unknown}
 m - 2 scrolls of teleportation
 p - 2 scrolls of blinking {unknown}
 r - a scroll of vulnerability {unknown}
 s - 2 scrolls of summoning {unknown}
Potions
 e - a potion of berserk rage
 g - a potion of attraction
 i - 2 potions of heal wounds
 n - 3 potions of might
 q - a potion of flight {unknown}
 t - a potion of degeneration {unknown}


   Skills:
 + Level 3.8 Fighting
 + Level 4.3 Crossbows
 - Level 1.0 Dodging
 - Level 2.0 Spellcasting
 + Level 2.5 Transmutations
 - Level 2.0 Evocations


You had 7 spell levels left.
You knew the following spells:

 Your Spells              Type           Power      Damage    Failure   Level
A - Wereblood             Tmut           13%        N/A       14%         2

Your spell library contained the following spells:

 Spells                   Type           Power      Damage    Failure   Level
 Passwall                 Tmut/Erth      5%         N/A       24%         2


Dungeon Overview and Level Annotations

Branches:
Dungeon (4/15)
 Temple: D:4-7

Shops:
D:2 :


Innate Abilities, Weirdness & Mutations

You have an increased reservoir of magic. (+10% MP)
You shall have no god before yourself.
Your divine heritage dramatically boosts your attributes as you level up.


Message History

The jelly hits you.
* * * LOW HITPOINT WARNING * * *
You are splashed with acid!
* * * LOW HITPOINT WARNING * * *
The jelly attacks as you move away! The jelly barely misses you.
You aren't carrying any items that you can evoke.
Okay, then.
You feel much better. The jelly barely misses you.
You barely miss the jelly.
The jelly is moderately wounded.
The jelly looks more healthy.
The jelly hits you. The acid corrodes you!
You are splashed with acid.
You hit the jelly.
Your hands burn!
The jelly is heavily wounded.
The jelly hits you.
You are splashed with acid.
* * * LOW HITPOINT WARNING * * *
You hit the jelly but do no damage.
Your hands burn!
* * * LOW HITPOINT WARNING * * *
The jelly is heavily wounded.
The jelly hits you.
* * * LOW HITPOINT WARNING * * *
You are splashed with acid!
* * * LOW HITPOINT WARNING * * *
You feel much better. The jelly closely misses you.
You hit the jelly but do no damage.
The jelly is poisoned.
Your hands burn!
The jelly is heavily wounded.
The jelly hits you.
You are splashed with acid.
The jelly attacks as you move away! The jelly completely misses you.
The jelly attacks as you move away! The jelly hits you.
You are splashed with acid!
* * * LOW HITPOINT WARNING * * *
The jelly attacks as you move away! The jelly hits you.
* * * LOW HITPOINT WARNING * * *
You are splashed with acid.
* * * LOW HITPOINT WARNING * * *
The jelly attacks as you move away! The jelly barely misses you.
The jelly attacks as you move away! The jelly barely misses you.
You see here a +0 ring mail.
The jelly attacks as you move away! The jelly hits you.
You die...

# ##'## #.#.....# # # #.#
#.####..# # #.# #.####..#
############.## #.......#
# ..>.##........##
#######># #
###)##.###.....# #.# #
..............## #######.#
#
###.##.###.#..####....<..#
# #.##.# #.....J@..#######
# ###.##.# ###..###### #
....##.# #..# #
######.#####..# #
#........# ### #
############.####.## #
..............##...#####
..>......###..#.....##.##
.#####^..###..........#.#


You could see a jelly (poisoned).

Vanquished Creatures
  Sigmund (D:2)
  2 orc wizards (D:3)
  Robin (D:2)
  2 adders (D:2)
  3 dart slugs
  An orc (D:3)
  7 ball pythons
  7 bats
  6 endoplasms
  11 goblins
  14 hobgoblins
  2 jackals (D:3)
  4 quokkas
  4 frilled lizards
  4 kobolds
  3 rats
72 creatures vanquished.

Notes
Turn   | Place    | Note
-------+----------+-------------------------------------------
     0 | D:1      | zishaf the Demigod Wanderer began the quest for the Orb.
     0 | D:1      | zishaf set off with the following items: a +0 vorpal hand
                  | crossbow, a +0 pair of boots, a potion of lignification, a
                  | +0 leather armour; and the following spells available to
                  | memorise: Passwall, Wereblood
     0 | D:1      | Reached XP level 1. HP: 17/17 MP: 5/5
    78 | D:1      | Reached XP level 2. HP: 24/24 MP: 7/7
    87 | D:1      | Learned a level 2 spell: Wereblood
   105 | D:1      | Reached skill level 3 in Crossbows
   264 | D:1      | You fall into a shaft and drop 1 floor!
   500 | D:2      | Reached XP level 3. HP: 26/30 MP: 8/8
   537 | D:2      | Found Umooliuz's Book Shop.
   606 | D:2      | Noticed Sigmund
   621 | D:2      | Killed Sigmund
   622 | D:2      | Reached skill level 4 in Crossbows
   622 | D:2      | Reached XP level 4. HP: 38/38 MP: 5/9
   622 | D:2      | Reached XP level 5. HP: 45/45 MP: 5/10
  1088 | D:2      | Noticed Robin
  1110 | D:2      | Killed Robin
  2365 | D:3      | Reached XP level 6. HP: 52/52 MP: 11/11
  2860 | D:3      | HP: 1/52 [acid (6)]
  2863 | D:3      | Slain by a jelly

Illustrated notes

Levels and vault maps discovered:
D:1:      wander_arrival_chamber, layout_rooms
D:2:      layout_rooms, serial_shops, shop, serial_corexii_hall,
          chequers_hall_statues_y, corexii_hall_statues_deadend, minmay_cut_off,
          uniq_robin, uniq_sigmund
D:3:      layout_loops_corners, hellmonk_ecumenical_altar_dog_temple,
          glass_columns_a
D:4:      layout_cave_pools, nicolae_take_the_stairs

Skill      XL: |  1  2  3 |
---------------+----------+-----
Fighting       | 2 3 |  3.8
Evocations     | 2 |  2.0
Spellcasting   | 2 |  2.0
Crossbows      | 3 4 |  4.3
Transmutations | 2 |  2.5
Dodging        | |  1.0

Action                   |  1- 3 |  4- 6 || total
-------------------------+-------+-------++-------
Melee: Dagger            |     9 |    59 ||    68
 Fire: Hand crossbow     |    68 |    94 ||   162
  Use: Potion            |     1 |     2 ||     3
       Scroll            |       |     6 ||     6
Armor: Leather armour    |     7 |       ||     7
       Skin              |     3 |       ||     3
       Ring mail         |       |    40 ||    40
Dodge: Dodged            |    18 |    64 ||    82

Table legend: (Time is in decaauts)
 A = Elapsed time spent in this place.
 B = Non-inter-level travel time spent in this place.
 C = Inter-level travel time spent in this place.
 D = Time resting spent in this place.
 E = Time spent auto-exploring this place.
 F = Levels seen in this place.
 G = Mean time per level.
                   A        B        C        D        E       F      G
               +--------+--------+--------+--------+--------+-----+--------+
         Total |   2918 |   2840 |     78 |     41 |   2227 |   4 |  729.5 |
       Dungeon |   2918 |   2840 |     78 |     41 |   2227 |   4 |  729.5 |
               +--------+--------+--------+--------+--------+-----+--------+

Top non-repeatable levels by time:
     D:3: 1327 daAuts
     D:2: 1214 daAuts
     D:1: 361 daAuts
     D:4: 15 daAuts
